 Dungeon Crawl Stone Soup version 0.31-a0-358-gac0dbeb3ab (webtiles) character file.

Game seed: 4082976971895761788

91 Bnni the Changeling (level 4, -2/26 (29) HPs)
             Began as an Octopode Shapeshifter on July 25, 2023.
             Killed from afar by voshxx's ghost (13 damage)
             ... with a blast of sand
             ... on level 3 of the Dungeon.
             The game lasted 00:03:51 (2574 turns).

Bnni the Changeling (Octopode Shapeshifter)         Turns: 2574, Time: 00:03:53

HP:   -2/26 (29)    AC:  1    Str: 20    XL:     4   Next: 59%
MP:   4/4           EV: 13    Int: 10    God:
Gold: 184           SH:  0    Dex: 14    Spells: 3/3 levels left

rFire   . .          .
                       - Unarmed
rCold   . . .        (no shield)
rNeg    . . .        (helmet currently unavailable)
rPois   .            j - amulet of the acrobat
rElec   .            l - +6 ring of strength
rCorr   .            (no ring)
SInv    .            (no ring)
Will    .....        (no ring)
Stlth   ++           (no ring)
HPRegen 0.24/turn    (no ring)
MPRegen 0.09/turn    (no ring)
                     (no ring)

%: acrobat
@: mighty, beast-form, heavily drained
A: beast (slay +2), almost no armour, amphibious, 8 rings, camouflage 1,
gelatinous body 1, (nimble swimmer 1), tentacles
a: Begin Untransformation


You were on level 3 of the Dungeon.
You were a hulking beast.
You visited 1 branch of the dungeon, and saw 5 of its levels.

You collected 210 gold pieces.
You spent 26 gold pieces at shops.

Inventory:

Jewellery
 j - an amulet of the acrobat (around mantle)
 l - a +6 ring of strength (left tentacle)
Talismans
 b - a beast talisman
Scrolls
 h - 2 scrolls of vulnerability {unknown}
 i - a scroll of enchant armour
 k - 3 scrolls of fear {unknown}
 m - a scroll of amnesia {unknown}
 n - a scroll of fog {unknown}
Potions
 a - a potion of lignification
 c - 3 potions of heal wounds
 d - a potion of might
 e - a potion of enlightenment {unknown}
 f - a potion of mutation {unknown}
 g - 2 potions of curing


   Skills:
 + Level 2.1 Fighting
 - Level 2.0 Dodging
 + Level 3.6 Unarmed Combat
 * Level 3.9 Shapeshifting


You had 3 spell levels left.
You didn't know any spells.
Your spell library was empty.

Dungeon Overview and Level Annotations

Branches:
Dungeon (5/15)
 Temple: D:4-7

Altars:

Shops:
D:1 =:*   D:3 *

Annotations:
D:3 voshxx's ghost, amateur GnEE


Innate Abilities, Weirdness & Mutations

You are a hulking beast.
Your limbs bulge with bestial killing power. (Slay +2)
You cannot wear most types of armour.
You are amphibious.
You can wear up to eight rings at the same time.
Your skin changes colour to match your surroundings (Stealth+).
Your rubbery body absorbs attacks. (AC +1, EV +1)
((You are camouflaged when in or above water. (Stealth+)))
You have tentacles for arms and can constrict up to eight enemies at once.


Message History

You open the door.
There is an open door here.
Found 6 stones.
k - 2 scrolls labelled PEKOSURICWYX (gained 1)
g - 2 potions of curing (gained 1)
k - 3 scrolls labelled PEKOSURICWYX (gained 1)
Found 6 stones.
You open the door.
There is an open door here.
Found 4 stones.
You open the door.
There is an open door here.
o - a scroll of identify
There is an open door here.
There is an open door here.
You see here a +0 flail.
As you read the scroll of identify, it crumbles to dust.
i - a scroll of enchant armour Could not explore, unopened runed door.
Okay, then.
You feel very mighty all of a sudden.
Voshxx's ghost turns its malevolent gaze towards you.
As you open the door, it creaks loudly!
You bludgeon voshxx's ghost! You squeeze voshxx's ghost.
Voshxx's ghost is heavily damaged.
Voshxx's ghost hits you.
You feel drained.
You bludgeon voshxx's ghost!
Voshxx's ghost is heavily damaged.
Voshxx's ghost hits you.
You feel drained.
You tentacle-slap voshxx's ghost. Your squeeze misses voshxx's ghost.
Voshxx's ghost is severely damaged.
Voshxx's ghost hits you.
You feel drained.
You are too injured to fight recklessly!
You tentacle-slap voshxx's ghost.
Voshxx's ghost is almost destroyed.
Voshxx's ghost stares at you.
Voshxx's ghost gestures at you while chanting.
The blast of sand hits you!
Ouch! That really hurt!
You die...

#.##...............##.##.....#.#.
#.##...........######.##.#####.#.
.....................>##.........
#.########..........#.##.##.#....
#.# ######..................####.
#.# #....#............#####.# #.
..###....#............# #.# #.
#........#.......####.#####[####.
######+###......h#.♣#.........#..
#......###.......W!8#..####.#.###
#.......#####'#..#.♣#.......#.#
#...........#.#######.......#.#
.......####...# ##.....#...#.###
.......# ##..####...#..#........
.......# #..#....#....#.#.#.##.
.......# ##...######.##...#.##.
.......# #...# #.##.#.#.##.


You could see voshxx's ghost.

Vanquished Creatures
  An iguana (D:3)
  An adder (D:2)
  3 dart slugs
  3 ball pythons (D:2)
  7 endoplasms
  3 giant cockroaches
  2 goblins (D:1)
  7 hobgoblins
  4 kobolds
  3 quokkas
  5 bats
  4 frilled lizards
  2 rats
45 creatures vanquished.

Notes
Turn   | Place    | Note
-------+----------+-------------------------------------------
     0 | D:1      | Bnni the Octopode Shapeshifter began the quest for the Orb.
     0 | D:1      | Reached XP level 1. HP: 13/13 MP: 1/1
    64 | D:1      | Reached XP level 2. HP: 18/18 MP: 2/2
   207 | D:1      | Found Sonon's Book Shop.
   255 | D:1      | Reached XP level 3. HP: 14/23 MP: 3/3
   337 | D:1      | Found Egriam's General Store.
   559 | D:1      | Found Jupugyr's Jewellery Shop.
  1510 | D:2      | Reached XP level 4. HP: 20/29 MP: 4/4
  1674 | D:3      | Found a faded altar of an unknown god.
  1755 | D:3      | Found a runed translucent door.
  1756 | D:3      | Noticed voshxx's ghost (amateur GnEE)
  1945 | D:3      | Found Telos's General Store.
  1953 | D:3      | Bought a scroll of identify for 26 gold pieces
  1980 | D:3      | You fall into a shaft and drop 2 floors!
  1980 | D:5      | Entered Level 5 of the Dungeon
  2574 | D:3      | Killed from afar by voshxx's ghost

Illustrated notes

Levels and vault maps discovered:
D:1:      zelgadis_glass_arrival_small, layout_basic, serial_shops, shop, shop,
          shop
D:2:      layout_loops_ring
D:3:      layout_basic, basic_ecumenical_altar, serial_shops,
          nicolae_shop_gibbet_a_chance, gammafunk_ghost_grave
D:4:      layout_basic, grunt_temple_overflow_magic_moments
D:5:      layout_basic, elyvilon_altar_4, minmay_misc_feat_tower

Skill      XL: |  1  2  3 |
---------------+----------+-----
Fighting       | 2 |  2.1
Dodging        | |  2.0
Unarmed Combat | |  3.6
Shapeshifting  | |  3.9

Action                     |  1- 3 |  4- 6 || total
---------------------------+-------+-------++-------
  Melee: Unarmed           |    69 |    10 ||    79
         Constrict         |    20 |     1 ||    21
         Tentacles         |    13 |     2 ||    15
    Use: Scroll            |       |     4 ||     4
         Potion            |       |     1 ||     1
   Stab: Sleeping          |     5 |     1 ||     6
  Dodge: Dodged            |    33 |     4 ||    37

Table legend: (Time is in decaauts)
 A = Elapsed time spent in this place.
 B = Non-inter-level travel time spent in this place.
 C = Inter-level travel time spent in this place.
 D = Time resting spent in this place.
 E = Time spent auto-exploring this place.
 F = Levels seen in this place.
 G = Mean time per level.
                   A        B        C        D        E       F      G
               +--------+--------+--------+--------+--------+-----+--------+
         Total |   2568 |   2536 |     32 |      0 |   2235 |   5 |  513.6 |
       Dungeon |   2568 |   2536 |     32 |      0 |   2235 |   5 |  513.6 |
               +--------+--------+--------+--------+--------+-----+--------+

Top non-repeatable levels by time:
     D:1: 977 daAuts
     D:3: 852 daAuts
     D:2: 691 daAuts
     D:4: 34 daAuts
     D:5: 11 daAuts
